cohdb
Replays
Latest Replays
All Replays
Popular Replays
Top Player Replays
Match Explorer
How It Works
Community
CoH3 Stats
Reddit
Sign in to upload your games and track your stats! →
Sign in with Steam
Match 44751036
Unlisted
Match 44751036
Overview
Messages
Build Orders
End
Construct Section Command Post
Royal Engineer Section
Selects Indian Artillery Battlegroup
Infantry Section
Infantry Section
Infantry Section
Construct Field Infirmary
Infantry Section
Selects Valour
Construct Platoon Command Post
Infantry Training
Selects Gurkha Rifles Section
6-pounder Anti-tank Gun Team
Gurkha Rifles Section
Construct Company Command Post
Crusader II Medium Tank
Zyllen
josselin.marvie
XuZhongwei
上海交大周杰伦
0
0
Comments
sign in to comment!
No comments posted yet!